 Dungeon Crawl Stone Soup version 0.31-a0-23-gcbde74481b (webtiles) character file.

Game seed: 14839893350777414287

(classic levelgen) 4 Amnesiac the Sneak (level 1, -2/11 HPs)
             Began as a Spriggan Delver on May 13, 2023.
             Slain by an ufetubus (3 damage)
             ... on level 4 of the Dungeon.
             The game lasted 00:04:20 (802 turns).

Amnesiac the Sneak (Spriggan Delver)                 Turns: 802, Time: 00:04:20

Health: -2/11      AC:  2    Str:  8    XL:     1   Next: 50%
Magic:  2/2        EV: 17    Int: 11    God:
Gold:   86         SH:  0    Dex: 16    Spells: 0/0 levels left

rFire   . . .        a - +0 short sword
rCold   . . .        (no shield)
rNeg    . . .        b - +0 robe
rPois   .            (helmet restricted)
rElec   .            (no cloak)
rCorr   .            (gloves unavailable)
SInv    +            (boots unavailable)
Will    +....        (no amulet)
Stlth   ++++         k - ring of willpower
HPRegen 0.21/turn    (no ring)
MPRegen 0.08/turn

%: no passive effects
@: very quick
A: very small, no large weapons, unfitting armour, see invisible, speed 3
a: no special abilities


You were on level 4 of the Dungeon.
You visited 1 branch of the dungeon, and saw 2 of its levels.

You collected 86 gold pieces.

Inventory:

Hand Weapons
 a - a +0 short sword (weapon)
Armour
 b - a +0 robe (worn)
Magical Staves
 j - a staff of death
 l - a staff of fire
Jewellery
 k - a ring of willpower (left hand)
Wands
 g - a wand of digging (2)
Scrolls
 c - a scroll of fog {!r}
 d - 2 scrolls of magic mapping {!r}
 e - a scroll of fear {!r}
 h - a scroll of identify {!r, unknown}
 i - 3 scrolls of teleportation {!r, unknown}
 m - a scroll of blinking {!r, unknown}
Potions
 f - a potion of haste {!q}


   Skills:
 - Level 2.4 Fighting
 - Level 2.1 Short Blades
 - Level 2.6 Dodging
 - Level 7.2 Stealth
 + Level 1.5 Evocations


You couldn't memorise any spells.
You didn't know any spells.
Your spell library was empty.

Dungeon Overview and Level Annotations

Branches:
Dungeon (5/15)
 Temple: D:4-7

Altars:
Uskayaw
The Shining One

Shops:
D:4 [


Innate Abilities, Weirdness & Mutations

You are very small and have problems with some larger weapons.
You are too small for most types of armour.
You have supernaturally acute eyesight. (SInv)
You cover ground extremely quickly. (Speed+++)


Message History

* * * LOW HITPOINT WARNING * * *
You feel sick.
Really quaff
j - a potion of heal wounds {!q}?
You feel much better.
You feel sick.
You feel sick.
You feel sick.
You feel sick.
You feel sick.
You are no longer poisoned.
Found a thin glowing staff.
Found 17 gold pieces.
Found a scroll labelled GOLLUAPHEE.
Found a stone staircase leading down.
j - a staff of death
m - a scroll labelled GOLLUAPHEE {!r}
Found a stone staircase leading up.
Okay, then.
There is a stone staircase leading up here.
You climb upwards.
There is a stone staircase leading down here.
An ufetubus comes into view.
The ufetubus shouts!
You closely miss the ufetubus. The ufetubus misses you.
The ufetubus hits you but does no damage.
You barely miss the ufetubus. The ufetubus barely misses you.
The ufetubus hits you.
You closely miss the ufetubus. The ufetubus hits you.
The ufetubus closely misses you. The ufetubus misses you. x2
You hit the ufetubus.
The ufetubus is moderately wounded.
The ufetubus hits you.
* * * LOW HITPOINT WARNING * * *
The ufetubus completely misses you.
You closely miss the ufetubus.
The ufetubus is moderately wounded.
The ufetubus completely misses you. The ufetubus misses you.
You closely miss the ufetubus.
The ufetubus is moderately wounded.
The ufetubus completely misses you. The ufetubus closely misses you.
The ufetubus barely misses you. The ufetubus misses you.
You hit the ufetubus but do no damage.
The ufetubus is moderately wounded.
The ufetubus hits you but does no damage.
The ufetubus completely misses you.
You barely miss the ufetubus.
The ufetubus is moderately wounded.
The ufetubus closely misses you. x2
You hit the ufetubus but do no damage.
The ufetubus is moderately wounded.
The ufetubus misses you. The ufetubus barely misses you. x2
The ufetubus closely misses you.
You barely miss the ufetubus.
The ufetubus is moderately wounded.
The ufetubus misses you. The ufetubus hits you.
* * * LOW HITPOINT WARNING * * *
You hit the ufetubus.
The ufetubus is severely wounded.
The ufetubus hits you.
* * * LOW HITPOINT WARNING * * *
The ufetubus closely misses you.
You hit the ufetubus.
The ufetubus is almost dead.
The ufetubus hits you.
You die...

##### #...# ############### #...#
#...........5.# #...# ####.######
#@# #...# #.........######.#
#...# #.........#....#.# #...#
...............#.# #...#########
..........#....#.# #.......##.[.
..........#....#.####.......##...
........................>...##...
..........#....#.####.......##...
..........#......# ####....##...


You could see an ufetubus.

Vanquished Creatures
  A giant cockroach (D:4)
  A goblin (D:4)
  A quokka (D:4)
3 creatures vanquished.

Notes
Turn   | Place    | Note
-------+----------+-------------------------------------------
     0 | D:5      | Amnesiac the Spriggan Delver began the quest for the Orb.
     0 | D:5      | Reached XP level 1. HP: 11/11 MP: 2/2
    49 | D:4      | Found Ottare's Antique Armour Shoppe.
    70 | D:4      | Noticed a phantom
   223 | D:4      | Noticed a sleepcap
   271 | D:4      | Reached skill level 1 in Evocations
   388 | D:4      | Found a hide-covered altar of Uskayaw.
   398 | D:4      | Noticed a hound
   440 | D:4      | Found a glowing golden altar of the Shining One.
   707 | D:5      | Noticed a scorpion
   708 | D:5      | Noticed a hound
   802 | D:4      | Slain by an ufetubus

Illustrated notes

Levels and vault maps discovered:
D:4:      layout_basic, mainiacjoe_overflow_catch_the_wave, serial_shops,
          nicolae_inconvenience_store
D:5:      layout_basic, nemelex_dance_club_becter, temple_doors_ab,
          guppyfry_early_lair_pool, uniq_pikel

Skill      XL: |  1 |
---------------+----+-----
Evocations     | 1 |  1.5
Fighting       | |  2.4
Short Blades   | |  2.1
Dodging        | |  2.6
Stealth        | |  7.2

Action                     || total
---------------------------++-------
  Melee: Short sword       ||    32
  Evoke: Wand              ||     1
    Use: Potion            ||     2
   Stab: Sleeping          ||     2
 Armour: Robe              ||     6
  Dodge: Dodged            ||    39

Table legend: (Time is in decaauts)
 A = Elapsed time spent in this place.
 B = Non-inter-level travel time spent in this place.
 C = Inter-level travel time spent in this place.
 D = Time resting spent in this place.
 E = Time spent auto-exploring this place.
 F = Levels seen in this place.
 G = Mean time per level.
                   A        B        C        D        E       F      G
               +--------+--------+--------+--------+--------+-----+--------+
         Total |    510 |    494 |     16 |      0 |     33 |   2 |  255.0 |
       Dungeon |    510 |    494 |     16 |      0 |     33 |   2 |  255.0 |
               +--------+--------+--------+--------+--------+-----+--------+

Top non-repeatable levels by time:
     D:4: 441 daAuts
     D:5: 69 daAuts
